Map: Oceanborn LE

Players

SubN

  • Race: Zerg Zerg
  • League: Diamond
  • Spawn Location: 11:00

IIIIIIIIIIII - Winner!

  • Race: Terran Terran
  • Spawn Location: 5:00

VOD

Have the link to the VOD?

Description

Time

  • Played on: Jan. 21, 2024, 7:58 p.m.
  • Length: 17:55
Show
View Real Time Build Order
Export as new Build Order

SubN Zerg 

Build Orders: Hatch First 

Get SALT Encoding   

  12  0:00  Drone  
  13  0:13  Overlord  
  13  0:17  Drone  
  14  0:31  Drone x2  
  16  0:50  Hatchery  
  16  0:53  Drone  
  16  0:56  Drone  
  17  0:59  Drone  
  18  1:07  Extractor  
  17  1:15  Spawning Pool  
  16  1:19  Drone  
  16  1:22  Drone  
  18  1:28  Drone  
  19  1:39  Drone  
  20  1:49  Overlord  
  20  2:02  Queen x2  
  20  2:04  Zergling x2  
  20  2:05  Zergling x2  
  26  2:12  Zergling x2  
  27  2:16  Drone  
  27  2:22  Metabolic Boost  
  28  2:29  Drone x2  
  30  2:34  Overlord  
  30  2:37  Overlord  
  30  2:41  Queen  
  32  2:52  Queen  
  32  2:54  Overlord  
  32  2:57  Drone  
  32  2:58  Drone  
  36  3:00  Drone  
  37  3:05  Drone  
  37  3:07  Drone  
  37  3:10  Drone  
  40  3:17  Drone x3  
  43  3:24  Drone  
  44  3:30  Hatchery  
  44  3:33  Drone x2  
  45  3:40  Lair  
  45  3:52  Drone x2  
  45  3:53  Drone, Extractor  
  47  3:57  Drone  
  47  3:58  Drone  
  47  4:01  Drone x2  
  51  4:10  Roach Warren  
  50  4:18  Overlord x4  
  50  4:19  Overlord  
  50  4:29  Overlord  
  47  4:48  Drone x3  
  47  4:49  Drone, Baneling Nest  
  50  4:57  Drone x4, Spire  
  50  4:58  Drone  
  54  5:02  Extractor, Queen  
  54  5:03  Queen  
  57  5:07  Extractor  
  57  5:10  Drone x7  
  63  5:15  Pneumatized Carapace  
  63  5:18  Drone x2  
  65  5:21  Drone x2  
  65  5:26  Evolution Chamber x2  
  65  5:29  Zergling x4  
  65  5:32  Zergling x2  
  65  5:33  Zergling x2  
  65  5:34  Zergling x2  
  70  5:37  Queen  
  72  5:47  Zergling x16  
  80  5:50  Glial Reconstitution  
  80  5:52  Zerg Melee Weapons Level 1  
  80  5:53  Zerg Ground Armor Level 1  
  80  6:01  Drone  
  80  6:04  Drone x3  
  84  6:12  Centrifugal Hooks  
  84  6:14  Drone  
  86  6:18  Drone  
  86  6:19  Spore Crawler  
  86  6:22  Drone, Spore Crawler  
  86  6:25  Mutalisk x2  
  87  6:27  Spore Crawler  
  87  6:29  Drone x2  
  87  6:30  Overlord x5  
  90  6:40  Hatchery  
  90  6:45  Overlord x2  
  89  6:52  Mutalisk  
  89  6:53  Mutalisk x2  
  95  6:59  Drone x2, Extractor  
  95  7:00  Drone x3, Extractor  
  95  7:01  Drone  
  99  7:02  Drone x3  
  102  7:11  Drone  
  102  7:12  Drone  
  102  7:13  Drone x2  
  102  7:14  Drone x2  
  108  7:17  Queen  
  108  7:18  Queen  
  112  7:32  Mutalisk x5  
  112  7:36  Baneling  
  122  7:37  Baneling x2  
  122  7:39  Zergling x10  
  127  7:45  Overseer  
  127  7:55  Mutalisk x2  
  131  8:01  Overseer  
  131  8:04  Queen  
  133  8:06  Drone x12  
  133  8:09  Extractor  
  133  8:11  Extractor  
  143  8:14  Mutalisk x3  
  149  8:22  Infestation Pit  
  148  8:28  Hatchery  
  147  8:49  Overlord x2  
  147  8:50  Overlord x5  
  147  8:57  Zerg Melee Weapons Level 2  
  147  8:58  Zerg Ground Armor Level 2  
  146  9:19  Drone x3  
  146  9:20  Drone x3  
  152  9:24  Spore Crawler  
  151  9:43  Queen  
  153  9:46  Infestor x3  
  153  9:52  Hive  
  159  9:54  Zerg Flyer Weapons Level 1  
  159  9:55  Mutalisk  
  159  9:56  Mutalisk x4  
  169  10:01  Baneling  
  169  10:02  Zergling x2, Baneling x6  
  169  10:03  Zergling x32  
  186  10:19  Queen  
  188  10:22  Neural Parasite  
  185  11:00  Extractor  
  185  11:01  Extractor  
  183  11:05  Viper x5  
  183  11:07  Ultralisk Cavern  
  197  11:20  Zergling x6  
  200  11:26  Spore Crawler  
  199  11:42  Zerg Melee Weapons Level 3, Zerg Ground Armor Level 3  
  199  11:45  Adrenal Glands  
  199  11:47  Overlord  
  199  11:49  Overlord  
  199  11:50  Overlord  
  198  12:06  Drone  
  182  12:59  Ultralisk  
  182  13:00  Ultralisk x2  
  190  13:19  Ultralisk  
  199  13:20  Ultralisk x3  
  199  13:25  Chitinous Plating  
  199  13:28  Greater Spire  
  199  13:34  Hatchery  
  198  13:41  Corruptor  
  200  13:53  Extractor  
  199  13:57  Extractor  
  193  14:29  Ultralisk  
  193  14:31  Corruptor x7  
  157  14:34  Viper  
  157  14:35  Viper x4  
  186  14:39  Zergling x2  
  186  14:40  Zergling x4, Roach x5  
  186  14:41  Zergling x2  
  186  14:44  Anabolic Synthesis  
  200  14:45  Zerg Missile Weapons Level 1  
  200  14:46  Zerg Flyer Weapons Level 2  
  200  15:12  Spore Crawler  
  199  15:14  Spore Crawler  
  199  15:16  Spore Crawler  
  199  15:18  Spore Crawler x2  
  199  15:20  Spore Crawler  
  191  15:41  Brood Lord x4  
  140  16:12  Roach x10  
  140  16:16  Viper x2  
  166  16:20  Brood Lord x4  
  166  16:24  Swarm Host x4  
  166  16:25  Swarm Host x4  
  198  16:42  Queen  
Show
View Real Time Build Order
Export as new Build Order

IIIIIIIIIIII Terran - Winner!

Build Orders: Command Center First, Mech 

Get SALT Encoding   

  12  0:01  SCV  
  13  0:13  SCV  
  14  0:18  Supply Depot  
  14  0:25  SCV  
  15  0:39  SCV  
  16  0:51  SCV  
  17  1:00  Command Center  
  17  1:03  SCV  
  18  1:14  Barracks  
  18  1:16  SCV  
  19  1:23  Refinery  
  19  1:28  SCV  
  20  1:40  SCV  
  21  1:52  SCV  
  22  2:01  Marine  
  22  2:04  Bunker  
  23  2:13  Orbital Command x2  
  23  2:22  Marine  
  24  2:32  Supply Depot  
  24  2:33  Factory  
  24  2:41  SCV x2  
  26  2:47  Barracks Tech Lab  
  26  2:53  SCV x2  
  28  3:00  Refinery  
  28  3:04  Refinery  
  28  3:05  SCV x2  
  30  3:13  Command Center  
  30  3:23  SCV x2  
  30  3:24  Siege Tank  
  35  3:35  SCV x2  
  37  3:43  Engineering Bay  
  37  3:47  Starport, SCV x2  
  39  3:59  SCV  
  39  4:00  SCV  
  41  4:04  Refinery, Siege Tank  
  44  4:11  SCV  
  44  4:12  SCV  
  46  4:18  Barracks Tech Lab  
  46  4:25  SCV x2  
  48  4:36  Refinery  
  48  4:37  SCV x2  
  49  4:48  Refinery  
  49  4:49  Command Center  
  49  4:51  SCV  
  49  4:52  SCV  
  51  4:54  Liberator  
  51  4:59  Planetary Fortress  
  54  5:03  Factory, SCV  
  54  5:05  Armory  
  55  5:09  Missile Turret  
  55  5:12  SCV  
  56  5:15  Barracks Reactor  
  56  5:16  Missile Turret, SCV  
  56  5:17  Missile Turret  
  57  5:24  SCV  
  57  5:25  Siege Tank  
  61  5:59  Starport, Terran Vehicle And Ship Armor Level 1  
  61  6:01  SCV x3  
  61  6:02  Raven  
  66  6:04  Barracks Reactor  
  66  6:13  SCV x3  
  66  6:14  Supply Depot  
  69  6:23  Supply Depot  
  69  6:25  SCV x3  
  73  6:26  Missile Turret  
  73  6:29  Orbital Command  
  72  6:36  Widow Mine  
  72  6:37  SCV x3, Widow Mine  
  72  6:39  Starport  
  79  6:53  Factory  
  79  6:54  SCV x3  
  81  6:57  Command Center x2, Barracks Tech Lab  
  82  7:02  Neosteel Armor  
  82  7:04  Starport Tech Lab, SCV  
  82  7:06  SCV x2  
  82  7:08  SCV  
  86  7:16  SCV  
  86  7:19  Armory  
  86  7:22  Fusion Core  
  87  7:30  Liberator  
  87  7:34  Hellion  
  92  7:40  Supply Depot  
  92  7:46  Supply Depot  
  92  7:51  Supply Depot  
  92  8:01  SCV, Liberator  
  92  8:02  Hellion x2, Terran Vehicle Weapons Level 1  
  92  8:05  Factory  
  100  8:07  Thor, Terran Vehicle And Ship Armor Level 2, SCV x2  
  100  8:09  Thor, SCV, Liberator x2  
  121  8:13  Barracks Tech Lab, SCV, Liberator  
  127  8:20  SCV x2  
  127  8:21  Refinery, SCV  
  127  8:22  Refinery  
  127  8:23  Command Center  
  128  8:28  Command Center  
  128  8:32  Hellion x2  
  132  8:40  Smart Servos, Infernal Pre-Igniter  
  132  8:43  Hi-Sec Auto Tracking  
  132  8:44  Liberator  
  132  8:45  Advanced Ballistics  
  135  8:51  Hellion  
  135  8:52  Hellion, Medivac  
  141  8:57  Factory, Widow Mine x2  
  141  9:00  Barracks Tech Lab  
  143  9:19  Siege Tank  
  146  9:27  Refinery  
  146  9:28  Missile Turret x2  
  146  9:29  Refinery, Orbital Command  
  146  9:31  Ghost Academy  
  146  9:34  Siege Tank  
  149  9:40  Command Center  
  149  9:51  Barracks Tech Lab  
  149  9:54  Command Center, Supply Depot  
  149  10:01  Planetary Fortress  
  149  10:02  Orbital Command  
  149  10:13  Missile Turret  
  149  10:16  Orbital Command  
  149  10:19  Missile Turret  
  149  10:21  Planetary Fortress  
  149  10:27  Command Center  
  149  10:29  Missile Turret  
  149  10:33  Liberator x2  
  155  10:40  Thor x2  
  155  10:42  Sensor Tower  
  163  11:04  Missile Turret  
  163  11:06  Thor, Hellion x2, Planetary Fortress  
  163  11:10  Missile Turret  
  173  11:11  Missile Turret  
  173  11:15  Terran Vehicle And Ship Armor Level 3, Terran Vehicle Weapons Level 2  
  173  11:23  Thor, Ghost  
  173  11:24  Personal Cloaking  
  181  11:37  Command Center  
  181  11:55  Command Center  
  181  11:57  Command Center  
  181  12:04  Missile Turret  
  179  12:29  Weapon Refit  
  179  12:50  Nuke  
  164  13:24  Thor x2  
  164  13:25  Hellion x2  
  164  13:26  Liberator x3  
  189  13:31  Terran Ship Weapons Level 1  
  189  13:54  Planetary Fortress  
  189  13:55  Planetary Fortress  
  177  14:30  Liberator x4  
  181  14:38  Missile Turret  
  181  14:41  Missile Turret x2  
  181  14:42  Missile Turret  
  181  14:43  Missile Turret  
  181  14:44  Missile Turret  
  181  14:47  Missile Turret  
  181  15:05  Sensor Tower  
  181  15:11  Refinery, Missile Turret  
  181  15:12  Liberator  
  181  15:13  Battlecruiser, Liberator x2  
  196  15:17  Refinery, Ghost Academy  
  196  15:18  Ghost Academy  
  196  15:20  Missile Turret  
  196  15:22  Missile Turret x3  
  196  15:23  Missile Turret  
  196  15:24  Missile Turret  
  196  15:32  Missile Turret  
  196  15:39  Refinery  
  196  15:41  Missile Turret x2  
  196  15:43  Missile Turret  
  196  15:44  Missile Turret  
  196  15:46  Missile Turret  
  193  15:50  Planetary Fortress  
  193  15:52  Missile Turret  
  193  15:56  Battlecruiser  
  169  16:34  Missile Turret  
  169  16:36  Planetary Fortress  
  169  16:46  Cyclone x2  
  175  16:47  Hellion x2, Battlecruiser  
  175  16:48  Liberator x2  
  175  16:52  Refinery  
  175  16:53  Missile Turret  
  189  16:55  Missile Turret  
  195  17:16  Cyclone  
  195  17:17  Hellion  
Tags
 
Add a new tag
Caveats
  • Supply blocks, unpowered buildings, or Contaminate may cause inaccurate times.
  • Supply counts are checked every 10 seconds.